[Event "Titled Tuesday Blitz May 03 Early 2022"]
[White "Plotnikov, Pavel"]
[Black "Beerdsen, Thomas"]
[WhiteFideId "4170342"]
[BlackFideId "1030108"]
[WhiteElo "2522"]
[BlackElo "2746"]
[Result "1-0"]
[Round "05"]
[TimeControl "180+1"]
[Date "2022.05.03"]
[WhiteClock "0:00:16"]
[BlackClock "0:00:50"]

1. e4 e5 2. Nf3 Nc6 3. Bc4 Nf6 4. d3 h6 5. c3 g5 6. O-O g4 7. Ne1 a6 8. f4 Bc5+ 9. Kh1 d6 10. Nc2 Nh5 11. d4 exd4 12. cxd4 Ba7 13. Be3 Qh4 14. Kg1 Rg8 15. Qd2 g3 16. h3 Bxh3 17. gxh3 g2 18. Rf2 Qxh3 19. Rxg2 O-O-O 20. Bxf7 Nxf4 21. Bxg8 Nxd4 22. Nxd4 Nxg2 23. Be6+ Qxe6 24. Nxe6 Bxe3+ 25. Qxe3 Nxe3 26. Nxd8 Nc2 27. Nf7 Nxa1 28. Na3 h5 29. Kf2 b5 30. b4 Kd7 31. e5 dxe5 32. Nxe5+ Kd6 33. Nd3 Kd5 34. Ke3 h4 35. Kd2 Ke4 36. Kc3 Ke3 37. Ne5 Kf4 38. Ng6+ Kg3 39. Nxh4 Kxh4 40. Kb2 Kg3 41. Kxa1 Kf3 42. Kb2 Ke2 43. Kc3 Kd1 44. Nc2 Kc1 45. Nd4 Kb1 46. Kb3 c5 47. bxc5 1-0


[Site "https://www.chess.com"]

[Event "Titled Tuesday Blitz May 03 Early 2022"]
[White "Polster, Christian"]
[Black "Toncheva, Nadya"]
[WhiteFideId "12965081"]
[BlackFideId "2924056"]
[WhiteElo "2286"]
[BlackElo "1884"]
[Result "0-1"]
[Round "05"]
[TimeControl "180+1"]
[Date "2022.05.03"]
[WhiteClock "0:00:04"]
[BlackClock "0:00:09"]

1. e4 c5 2. Nc3 Nc6 3. Nge2 g6 4. d4 cxd4 5. Nxd4 Bg7 6. Be3 Nf6 7. Bc4 O-O 8. Bb3 d6 9. f3 Bd7 10. Qd2 Rc8 11. O-O-O Ne5 12. h4 h5 13. Bg5 Nc4 14. Qe2 Na5 15. g4 Nxb3+ 16. cxb3 Nxg4 17. fxg4 Bxg4 18. Qe3 Bxd1 19. Rxd1 Re8 20. Kb1 Qb6 21. Nc2 Qxe3 22. Nxe3 Bxc3 23. bxc3 f6 24. Bf4 Rxc3 25. Kb2 Rc6 26. Nd5 Kf7 27. b4 Rec8 28. Rd2 Rc4 29. a3 Rxe4 30. Bg3 Rg4 31. Bf2 b6 32. Kb3 g5 33. a4 gxh4 34. a5 bxa5 35. bxa5 a6 36. Re2 e6 37. Nb6 Rc1 38. Kb2 Rd1 39. Rc2 h3 40. Be3 Rg2 41. Nc4 Rxc2+ 42. Kxc2 h2 43. Nxd6+ Rxd6 0-1


[Site "https://www.chess.com"]

[Event "Titled Tuesday Blitz May 03 Early 2022"]
[White "Preotu, Razvan"]
[Black "Levitskiy, Andrey"]
[WhiteFideId "2613280"]
[BlackFideId "14132885"]
[WhiteElo "2407"]
[BlackElo "2301"]
[Result "1-0"]
[Round "05"]
[TimeControl "180+1"]
[Date "2022.05.03"]
[WhiteClock "0:00:19"]
[BlackClock "0:00:03"]

1. e4 e6 2. d4 d5 3. Nc3 Bb4 4. e5 c5 5. a3 Bxc3+ 6. bxc3 Qa5 7. Bd2 Qa4 8. Qg4 Kf8 9. h4 Ne7 10. h5 h6 11. Qd1 Nbc6 12. Nf3 cxd4 13. Rh4 b6 14. Nxd4 Nxd4 15. cxd4 Ba6 16. Bb4 Re8 17. Qf3 Kg8 18. Bxe7 Rxe7 19. Rg4 Kf8 20. Qc3 Bxf1 21. Kxf1 Qc4+ 22. Qxc4 dxc4 23. a4 Rc7 24. Ke2 Rg8 25. Kd2 Ke7 26. Kc3 g6 27. Rh1 g5 28. f4 f5 29. exf6+ Kxf6 30. fxg5+ Kf5 31. Rg3 Rxg5 32. Rf1+ Ke4 33. Rxg5 hxg5 34. Rf6 Re7 35. g4 Kd5 36. Rg6 Ke4 37. Rxg5 Rf7 38. h6 Rf3+ 39. Kxc4 Rh3 40. Rh5 1-0


[Site "https://www.chess.com"]

[Event "Titled Tuesday Blitz May 03 Early 2022"]
[White "Priyanka, K"]
[Black "Miszler, Levente"]
[WhiteFideId "5082986"]
[BlackFideId "763276"]
[WhiteElo "1905"]
[BlackElo "1966"]
[Result "0-1"]
[Round "05"]
[TimeControl "180+1"]
[Date "2022.05.03"]
[WhiteClock "0:00:02"]
[BlackClock "0:00:42"]

1. e4 e6 2. d4 d5 3. Nc3 Nf6 4. Bg5 Be7 5. e5 Nfd7 6. Bxe7 Qxe7 7. f4 a6 8. Nf3 c5 9. dxc5 Nc6 10. Qd2 Nxc5 11. Bd3 f6 12. exf6 Qxf6 13. O-O O-O 14. g3 Bd7 15. Rae1 Rac8 16. Ne5 Ne7 17. Ne2 Nc6 18. Nc1 Rfd8 19. c3 Be8 20. Bb1 Rc7 21. Qc2 g6 22. Qf2 Ne7 23. b4 Na4 24. Ncd3 Nxc3 25. Ng4 Qg7 26. Rxe6 Ne4 27. Qe3 Bd7 28. Nc5 Rxc5 29. Rxe4 dxe4 30. bxc5 Bxg4 31. Qxe4 Bf5 32. Qxb7 Bxb1 33. Rxb1 Qd4+ 34. Kh1 Qd5+ 35. Qxd5+ Rxd5 36. Rc1 Kf7 37. Rc2 Ke6 38. Kg2 Kd7 39. Kf3 Kc6 40. Ke4 Nf5 41. g4 Ne7 0-1


[Site "https://www.chess.com"]

[Event "Titled Tuesday Blitz May 03 Early 2022"]
[White "Prohorov, Olexandr"]
[Black "Borgaonkar Akshay"]
[WhiteFideId "14105578"]
[BlackFideId "25639110"]
[WhiteElo "1993"]
[BlackElo "1624"]
[Result "1-0"]
[Round "05"]
[TimeControl "180+1"]
[Date "2022.05.03"]
[WhiteClock "0:00:12"]
[BlackClock "0:00:55"]

1. e4 c5 2. c3 Nc6 3. d4 cxd4 4. cxd4 d5 5. exd5 Qxd5 6. Nf3 Bg4 7. Be2 e6 8. Nc3 Bb4 9. O-O Qd7 10. Qb3 Bd6 11. Rd1 Nf6 12. Ne5 Qc7 13. Nxg4 Nxg4 14. Bxg4 Bxh2+ 15. Kh1 O-O 16. g3 Bxg3 17. Nb5 Qb6 18. fxg3 Na5 19. Qd3 Rac8 20. Nc3 f5 21. Bf3 Rfd8 22. Qe2 Nc4 23. b3 Nd6 24. Qxe6+ Kh8 25. Bb2 Re8 26. Qd5 Rcd8 27. Qc5 Qa6 28. Re1 Ne4 29. Bxe4 fxe4 30. Nxe4 Qg6 31. Qg5 Qc6 32. d5 Qd7 33. Kg2 Rf8 34. Rad1 Rf5 35. Bxg7+ Qxg7 36. Qxd8+ Rf8 37. Qh4 Qf7 38. Rf1 Qg6 39. Rxf8+ Kg7 40. Qe7+ Kh6 41. Rh1+ Qh5 42. Rxh5+ Kxh5 43. Qg5# 1-0


[Site "https://www.chess.com"]

[Event "Titled Tuesday Blitz May 03 Early 2022"]
[White "Prraneeth Vuppala"]
[Black "Kovalenko, Igor"]
[WhiteFideId "46622373"]
[BlackFideId "14117908"]
[WhiteElo "2548"]
[BlackElo "2933"]
[Result "1-0"]
[Round "05"]
[TimeControl "180+1"]
[Date "2022.05.03"]
[WhiteClock "0:00:02"]
[BlackClock "0:00:14"]

1. e4 e6 2. d4 d5 3. Nc3 Bb4 4. e5 c5 5. a3 Bxc3+ 6. bxc3 Ne7 7. Qg4 Nf5 8. Bd3 h5 9. Qf4 c4 10. Bxf5 exf5 11. Nf3 Be6 12. a4 Qa5 13. Qd2 Nc6 14. O-O O-O-O 15. Ba3 h4 16. h3 Rh5 17. Bb4 Qc7 18. Bd6 Qd7 19. a5 Rg8 20. Ng5 Qd8 21. f4 Nxa5 22. Rfb1 Nc6 23. Qd1 g6 24. Qc1 b6 25. Qa3 Kd7 26. Qa6 Qc8 27. Qb5 Qb7 28. Ra6 Rc8 29. Rba1 Kd8 30. Bc5 Rb8 31. Bd6 Rc8 32. Bc5 Qd7 33. Nxe6+ fxe6 34. Rxa7 Nxa7 35. Qxb6+ Ke8 36. Rxa7 Rc6 37. Qb8+ Rc8 38. Qb6 Rc6 39. Qb5 Qc8 40. Qa4 g5 41. Ra8 Kf7 42. Rxc8 Rxc8 43. Qd7+ 1-0


[Site "https://www.chess.com"]

[Event "Titled Tuesday Blitz May 03 Early 2022"]
[White "Quirke, Jeffrey"]
[Black "Araujo Filho, Luiz Antonio Coel"]
[WhiteFideId "2013029"]
[BlackFideId "2130661"]
[WhiteElo "2072"]
[BlackElo "2297"]
[Result "0-1"]
[Round "05"]
[TimeControl "180+1"]
[Date "2022.05.03"]
[WhiteClock "0:00:04"]
[BlackClock "0:00:11"]

1. d4 f5 2. c4 Nf6 3. Nc3 g6 4. h4 Bg7 5. h5 c6 6. hxg6 hxg6 7. Rxh8+ Bxh8 8. e4 fxe4 9. d5 d6 10. Bg5 Nbd7 11. Qc2 Ne5 12. f3 exf3 13. Nxf3 Bf5 14. Qb3 Qb6 15. Nxe5 dxe5 16. O-O-O Qxb3 17. axb3 cxd5 18. Nxd5 Nxd5 19. Rxd5 Bf6 20. Be3 a6 21. Be2 Be4 22. Rd2 Bxg2 23. Bg4 Be4 24. Be6 Bf5 25. Bd5 Rb8 26. Rh2 e6 27. Bf3 b5 28. c5 e4 29. Be2 g5 30. b4 Kf7 31. Bd1 Kg6 32. Bb3 g4 33. Rd2 Be5 34. Rd7 g3 35. Re7 g2 36. Bxe6 Bxe6 37. Rxe6+ Kf5 38. Rxa6 Bf4 0-1


[Site "https://www.chess.com"]

[Event "Titled Tuesday Blitz May 03 Early 2022"]
[White "Rasulov, Vugar"]
[Black "Vysochin, Spartak"]
[WhiteFideId "13402390"]
[BlackFideId "14103516"]
[WhiteElo "2560"]
[BlackElo "2385"]
[Result "1-0"]
[Round "05"]
[TimeControl "180+1"]
[Date "2022.05.03"]
[WhiteClock "0:00:06"]
[BlackClock "0:00:02"]

1. d4 d5 2. c4 c6 3. Nf3 Nf6 4. Nc3 Qb6 5. g3 Bf5 6. Bg2 e6 7. O-O Nbd7 8. Nh4 Bg6 9. c5 Qd8 10. Nxg6 hxg6 11. b4 Be7 12. Bf4 Nh5 13. Qc2 Nxf4 14. gxf4 Nf6 15. e3 Ng4 16. h3 Nh6 17. b5 Nf5 18. Rfb1 g5 19. fxg5 Bxg5 20. bxc6 bxc6 21. Qa4 Rc8 22. Nd1 Rc7 23. Qa5 O-O 24. Rb3 Qe7 25. Rab1 e5 26. dxe5 d4 27. e4 Nh4 28. Nb2 Bf4 29. Nd3 Bxe5 30. f4 Nxg2 31. Kxg2 Bxf4 32. Nxf4 Qxe4+ 33. Kg3 Re7 34. Qd2 Re5 35. Rf1 Rfe8 36. Rbf3 Rg5+ 37. Kh2 Rxc5 38. Ng2 Rc2 39. Qg5 f6 40. Qg3 c5 41. R1f2 Rxf2 42. Rxf2 c4 43. Rxf6 c3 44. Rf4 Qe5 45. h4 c2 46. Qb3+ Kh8 47. Qxc2 Rf8 48. Qf2 d3 49. Qg3 Rxf4 50. Nxf4 Kg8 51. Nxd3 Qe2+ 52. Nf2 Qxa2 53. Kg2 Kh7 54. Qd3+ Kh8 55. Kg3 Qf7 56. Ng4 Qc7+ 57. Kh3 Qc8 58. h5 a5 59. Kh4 Qe6 60. Qd8+ Kh7 61. Qd3+ Kh8 62. h6 Qe7+ 63. Kh5 gxh6 64. Qd4+ Kh7 65. Nf6+ Kh8 66. Ne4+ Kh7 67. Nf6+ Kh8 68. Ng4+ Kh7 69. Qd3+ Kh8 70. Nxh6 Qe5+ 71. Kg6 Qe6+ 72. Kg5 Qe5+ 73. Nf5 a4 74. Qd8+ Kh7 75. Qd7+ Kh8 76. Qxa4 1-0


[Site "https://www.chess.com"]

[Event "Titled Tuesday Blitz May 03 Early 2022"]
[White "Ratnakaran, K."]
[Black "Pinero Rodriguez, Carlos Jose"]
[WhiteFideId "5005507"]
[BlackFideId "3901726"]
[WhiteElo "2407"]
[BlackElo "2053"]
[Result "1-0"]
[Round "05"]
[TimeControl "180+1"]
[Date "2022.05.03"]
[WhiteClock "0:01:34"]
[BlackClock "0:00:27"]

1. e4 c5 2. Nf3 e6 3. d4 cxd4 4. Nxd4 a6 5. c4 Qc7 6. Bd3 Nf6 7. O-O h5 8. h3 Bc5 9. Nf3 Nc6 10. a3 Ng4 11. b4 Nd4 12. Nbd2 Nxf3+ 13. Nxf3 Bd4 14. Ra2 Bf6 15. hxg4 hxg4 16. g3 gxf3 17. Qxf3 b6 18. e5 Bb7 19. Be4 Bxe4 20. Qxe4 d5 21. exd6 Qd8 22. Qc6+ Kf8 23. Be3 Rc8 24. Qxb6 Rxc4 25. Qxd8+ Bxd8 26. Rc1 Rxc1+ 27. Bxc1 Ke8 28. Bb2 Kd7 29. Bxg7 Rg8 30. Be5 f6 31. Bf4 e5 32. Be3 Kxd6 33. Rd2+ Kc6 34. a4 Be7 35. b5+ axb5 36. Rc2+ Kd5 37. axb5 Rb8 38. b6 Bd6 39. Kg2 f5 40. Kf3 f4 41. gxf4 exf4 42. Rd2+ Ke6 43. Rxd6+ Kxd6 44. Bxf4+ Kc6 45. Bxb8 Kxb6 46. Ke4 Kc6 47. Ke5 Kd7 48. Bd6 Ke8 49. Ke6 Kd8 50. f4 Ke8 51. f5 Kd8 52. f6 Kc8 53. f7 Kb7 54. f8=Q Kc6 55. Qc8+ Kb5 56. Qc5+ Ka4 57. Qb4# 1-0


[Site "https://www.chess.com"]

[Event "Titled Tuesday Blitz May 03 Early 2022"]
[White "Redor, Menandro"]
[Black "Bongo Akanga Ndjila, Barthelemy"]
[WhiteFideId "5222010"]
[BlackFideId "10609431"]
[WhiteElo "1986"]
[BlackElo "1768"]
[Result "1-0"]
[Round "05"]
[TimeControl "180+1"]
[Date "2022.05.03"]
[WhiteClock "0:00:14"]
[BlackClock "0:00:37"]

1. d4 d5 2. c4 e6 3. cxd5 exd5 4. Nc3 Nf6 5. Nf3 Be7 6. Bf4 c6 7. e3 O-O 8. Bd3 Re8 9. O-O Nbd7 10. Rc1 Nf8 11. a3 a5 12. h3 Ng6 13. Bg3 Bd6 14. Bxg6 hxg6 15. Ne5 Qe7 16. f4 Ne4 17. Nxe4 dxe4 18. Qb3 Be6 19. Qc2 Bd5 20. Kh2 a4 21. f5 gxf5 22. Rxf5 f6 23. Ng6 Bxg3+ 24. Kxg3 Qd6+ 25. Kf2 Bf7 26. Nf4 Bb3 27. Qe2 Qd7 28. Qh5 Bf7 29. Ng6 Bxg6 30. Qxg6 Qf7 31. Qxf7+ Kxf7 32. h4 g6 33. Rf4 Ra5 34. Ke2 Rb5 35. Rc2 Rb3 36. Rf2 f5 37. g3 Rh8 38. Kd2 Kf6 39. Kc1 Rd3 40. Rc3 Rxc3+ 41. bxc3 Ra8 42. Kc2 Ra5 43. g4 Rb5 44. h5 b6 45. hxg6 Kxg6 46. gxf5+ Rxf5 47. Rxf5 Kxf5 48. c4 Kg4 49. Kc3 Kf3 50. d5 cxd5 51. cxd5 Kxe3 52. d6 Kf2 53. d7 e3 54. d8=Q e2 55. Qf6+ Ke3 56. Qe5+ Kf2 57. Kd2 1-0


[Site "https://www.chess.com"]

[Event "Titled Tuesday Blitz May 03 Early 2022"]
[White "Richter, Nils"]
[Black "Samadov, Read"]
[WhiteFideId "12990809"]
[BlackFideId "13417444"]
[WhiteElo "2556"]
[BlackElo "2735"]
[Result "0-1"]
[Round "05"]
[TimeControl "180+1"]
[Date "2022.05.03"]
[WhiteClock "0:00:19"]
[BlackClock "0:00:33"]

1. e4 c5 2. Nf3 d6 3. d4 cxd4 4. Nxd4 Nf6 5. Nc3 a6 6. g3 e5 7. Nde2 Nbd7 8. Bg2 Be7 9. a4 b6 10. O-O Bb7 11. Be3 O-O 12. h3 Nc5 13. Bxc5 dxc5 14. Nd5 Nxd5 15. exd5 Bd6 16. Nc3 f5 17. g4 g6 18. gxf5 gxf5 19. Qh5 Kh8 20. Kh1 Qf6 21. Rg1 Rg8 22. Bf3 e4 23. Nxe4 fxe4 24. Bxe4 h6 25. Bg6 Qf4 26. Rg3 Raf8 27. c4 Bc8 28. Rag1 Be7 29. b3 Qh4 30. Re3 Qxh5 31. Bxh5 Rxg1+ 32. Kxg1 Bf6 33. Bg4 Bd4 34. Rf3 Rxf3 35. Bxf3 Bxh3 36. d6 Bd7 37. Bb7 a5 38. Ba6 Be5 39. f3 Bxd6 40. Kg2 Bf4 41. Bb7 h5 42. Bd5 h4 43. Be4 h3+ 44. Kh1 Kg7 45. Bd5 Kf6 46. Be4 Ke5 47. Bc2 Kd4 0-1


[Site "https://www.chess.com"]

[Event "Titled Tuesday Blitz May 03 Early 2022"]
[White "Rohith Krishna S"]
[Black "Avramidou, Anastasia"]
[WhiteFideId "46617051"]
[BlackFideId "4239873"]
[WhiteElo "2725"]
[BlackElo "2517"]
[Result "1-0"]
[Round "05"]
[TimeControl "180+1"]
[Date "2022.05.03"]
[WhiteClock "0:01:20"]
[BlackClock "0:00:13"]

1. e4 g6 2. d4 Bg7 3. c3 d6 4. Bd3 Nf6 5. Ne2 O-O 6. O-O a6 7. h3 b5 8. f4 Bb7 9. e5 Ne4 10. Be3 dxe5 11. fxe5 c5 12. Nd2 Nxd2 13. Qxd2 cxd4 14. cxd4 Nc6 15. Be4 Qd7 16. Bf3 e6 17. Nc3 Rfd8 18. Rad1 Rac8 19. Ne4 Ne7 20. Nd6 Bxf3 21. Rxf3 Nf5 22. Nxc8 Rxc8 23. g4 Ne7 24. Rdf1 Rf8 25. Bg5 Nc6 26. Be3 Qd5 27. Qf2 Qd7 28. h4 Nb4 29. h5 Nd5 30. hxg6 hxg6 31. Bd2 Nb6 32. Bb4 Rd8 33. Bc5 Na4 34. Rxf7 Qe8 35. Re7 1-0


[Site "https://www.chess.com"]

[Event "Titled Tuesday Blitz May 03 Early 2022"]
[White "Rom, Jasper"]
[Black "Gottstein, Claudius-Thomas"]
[WhiteFideId "2023733"]
[BlackFideId "4653327"]
[WhiteElo "2233"]
[BlackElo "2109"]
[Result "1-0"]
[Round "05"]
[TimeControl "180+1"]
[Date "2022.05.03"]
[WhiteClock "0:02:35"]
[BlackClock "0:02:09"]

1. e4 c6 2. d4 d5 3. Nd2 dxe4 4. Nxe4 Bf5 5. Ng3 Bg6 6. h4 h6 7. Nh3 e6 8. Nf4 Bh7 9. Bc4 Nf6 10. O-O Bd6 11. Re1 O-O 12. c3 Re8 13. Qf3 Qc7 14. Ngh5 Nbd7 15. Bd2 Nb6 16. Nxf6+ gxf6 17. Bd3 Bxd3 18. Nxd3 f5 19. Bxh6 Nd5 20. Qh5 Nf6 21. Qg5+ 1-0


[Site "https://www.chess.com"]

[Event "Titled Tuesday Blitz May 03 Early 2022"]
[White "Rustemov, Alexander"]
[Black "Kashtanov, Ruslan"]
[WhiteFideId "4119002"]
[BlackFideId "4124871"]
[WhiteElo "2737"]
[BlackElo "2456"]
[Result "0-1"]
[Round "05"]
[TimeControl "180+1"]
[Date "2022.05.03"]
[WhiteClock "0:00:14"]
[BlackClock "0:00:06"]

1. d4 Nf6 2. c4 e6 3. Nf3 d5 4. Nc3 dxc4 5. e4 b5 6. e5 Nd5 7. Nxb5 Nb6 8. Be2 Nc6 9. a3 Qd7 10. Be3 Na5 11. Nc3 Bb7 12. Qc2 Be7 13. Rd1 Qc6 14. O-O Rd8 15. Rfe1 g5 16. Bf1 g4 17. Nd2 h5 18. Nde4 Nd5 19. Bg5 h4 20. Nxd5 Rxd5 21. Bxe7 Kxe7 22. Qd2 h3 23. Qxa5 Rxa5 24. Nf6 hxg2 25. Be2 Qb6 26. Bxg4 Rb5 27. Rc1 Rxb2 28. Rxc4 Rd8 29. Rec1 c5 30. dxc5 Qc6 31. h4 Rdd2 32. Rf4 Rbc2 33. Rb1 Rxc5 34. Ng8+ Kf8 35. Nh6 Rc1+ 0-1


[Site "https://www.chess.com"]

[Event "Titled Tuesday Blitz May 03 Early 2022"]
[White "Safarli, Eltaj"]
[Black "Bortnyk, Olexandr"]
[WhiteFideId "13402129"]
[BlackFideId "14120828"]
[WhiteElo "2634"]
[BlackElo "2723"]
[Result "0-1"]
[Round "05"]
[TimeControl "180+1"]
[Date "2022.05.03"]
[WhiteClock "0:00:03"]
[BlackClock "0:00:46"]

1. e4 d6 2. d4 Nf6 3. Nc3 e5 4. Nf3 Nbd7 5. Bc4 Be7 6. O-O c6 7. Re1 h6 8. a4 Qc7 9. a5 g5 10. d5 Nf8 11. Be3 Ng6 12. b4 Nf4 13. dxc6 bxc6 14. b5 cxb5 15. Bxb5+ Kf8 16. Bxf4 gxf4 17. Nd5 Nxd5 18. Qxd5 Rb8 19. Qd3 Be6 20. Ba4 Qxa5 21. Bb3 Qc5 22. Bxe6 fxe6 23. Ra4 Kf7 24. Rea1 Rhc8 25. c4 Rb2 26. Qf1 Rc7 27. Ne1 Qc6 28. Qd3 Rcb7 29. Qh3 Bg5 30. Qh5+ Kg7 31. h4 Bf6 32. Qg4+ Kf7 33. Qh5+ Ke7 34. Rxa7 Qxe4 35. Rxb7+ Rxb7 36. Qxh6 Qf5 37. Nf3 e4 38. Ng5 Bxa1 0-1


[Site "https://www.chess.com"]

[Event "Titled Tuesday Blitz May 03 Early 2022"]
[White "Saksham, Rautela"]
[Black "Wagner, Dennis"]
[WhiteFideId "35046977"]
[BlackFideId "24650684"]
[WhiteElo "2517"]
[BlackElo "2767"]
[Result "0-1"]
[Round "05"]
[TimeControl "180+1"]
[Date "2022.05.03"]
[WhiteClock "0:00:03"]
[BlackClock "0:00:31"]

1. Nf3 g6 2. g3 Bg7 3. Bg2 e5 4. O-O d5 5. d3 Ne7 6. e4 O-O 7. Re1 Nbc6 8. c3 a5 9. Nbd2 Re8 10. h3 h6 11. Nf1 Be6 12. Ne3 Qd7 13. Qc2 dxe4 14. dxe4 Bxh3 15. Rd1 Qc8 16. Nd5 Bg4 17. Be3 Nxd5 18. exd5 Ne7 19. d6 cxd6 20. Rxd6 Nf5 21. Rd2 Nxe3 22. fxe3 Qc5 23. Kf2 h5 24. Qb3 Bh6 25. Re1 Rad8 26. Rxd8 Rxd8 27. Qxb7 Kg7 28. Qe4 Bxf3 29. Bxf3 Rd6 30. Rd1 Rb6 31. Rd2 f5 32. Rd7+ Kf6 33. Qh4+ Bg5 34. Qa4 Qxe3+ 0-1


[Site "https://www.chess.com"]

[Event "Titled Tuesday Blitz May 03 Early 2022"]
[White "Salimova, Nurgyul"]
[Black "Terry, Renato"]
[WhiteFideId "2915138"]
[BlackFideId "3803457"]
[WhiteElo "2679"]
[BlackElo "2993"]
[Result "0-1"]
[Round "05"]
[TimeControl "180+1"]
[Date "2022.05.03"]
[WhiteClock "0:00:01"]
[BlackClock "0:01:00"]

1. d4 e6 2. Nc3 Nf6 3. e4 d5 4. Bg5 Bb4 5. e5 h6 6. Bd2 Bxc3 7. Bxc3 Ne4 8. Bb4 c5 9. dxc5 Nxf2 10. Kxf2 Qh4+ 11. g3 Qxb4 12. Bd3 Qxb2 13. Nf3 Nd7 14. Rb1 Qc3 15. Re1 O-O 16. Rb3 Qxc5+ 17. Kg2 Qe7 18. Nd4 Nc5 19. Rb1 Bd7 20. Qg4 b6 21. Re2 f5 22. Qf4 g5 23. Qd2 Qg7 24. Rf1 Ne4 25. Bxe4 dxe4 26. Nb3 Bc6 27. Qd6 Bd5 28. Nd4 Qg6 29. Kg1 Rad8 30. Qe7 Qf7 31. Qb4 Qc7 32. Ref2 Qxe5 33. Ne2 e3 0-1


[Site "https://www.chess.com"]

[Event "Titled Tuesday Blitz May 03 Early 2022"]
[White "Sargsyan, Anna M."]
[Black "Bettalli, Francesco"]
[WhiteFideId "13308130"]
[BlackFideId "2816453"]
[WhiteElo "2271"]
[BlackElo "2216"]
[Result "1-0"]
[Round "05"]
[TimeControl "180+1"]
[Date "2022.05.03"]
[WhiteClock "0:01:48"]
[BlackClock "0:01:48"]

1. d4 e5 2. dxe5 Nc6 3. Nf3 Qe7 4. Nc3 Nxe5 5. e4 Nf6 6. Be2 d6 7. O-O Be6 8. Nd4 g6 9. f4 Nc6 10. f5 gxf5 11. Nxf5 Bxf5 12. Rxf5 Nxe4 13. Nd5 Qd8 14. Bd3 Nc5 15. Nf6+ Ke7 16. Bg5 Ke6 17. Qg4 h5 18. Re1+ Ne5 19. Rfxe5# 1-0


[Site "https://www.chess.com"]

[Event "Titled Tuesday Blitz May 03 Early 2022"]
[White "Sebag, Marie"]
[Black "Lauridsen, Jesper Morch"]
[WhiteFideId "617822"]
[BlackFideId "1401890"]
[WhiteElo "2440"]
[BlackElo "2235"]
[Result "1-0"]
[Round "05"]
[TimeControl "180+1"]
[Date "2022.05.03"]
[WhiteClock "0:00:14"]
[BlackClock "0:00:15"]

1. e4 e6 2. d4 d5 3. exd5 exd5 4. Nf3 Bd6 5. Bd3 Nc6 6. O-O Nge7 7. c3 Bg4 8. h3 Bh5 9. Nbd2 Qd7 10. b4 f6 11. a4 g5 12. a5 a6 13. b5 axb5 14. Bxb5 g4 15. Nh4 Ng6 16. Re1+ Kf7 17. Qb3 Nxh4 18. Qxd5+ Kg6 19. Bd3+ f5 20. c4 Rae8 21. Ba3 Nxd4 22. Bb2 c5 23. Bxd4 cxd4 24. g3 Nf3+ 25. Nxf3 gxf3 26. c5 Rxe1+ 27. Rxe1 Re8 28. Rxe8 Qxe8 29. Qxd6+ Kg7 30. Qxd4+ Kg6 31. Qe3 Qa4 32. Qe6+ Kg7 33. Qe5+ Kg8 34. Qd5+ Kg7 35. Qxb7+ Kh6 36. Qb6+ Kg7 37. Qc7+ Kh6 38. Qf4+ Kg7 39. Qxa4 1-0


[Site "https://www.chess.com"]

[Event "Titled Tuesday Blitz May 03 Early 2022"]
[White "Seo, Jung Min"]
[Black "Skliarov, Viktor"]
[WhiteFideId "1734687"]
[BlackFideId "14106736"]
[WhiteElo "2769"]
[BlackElo "2613"]
[Result "0-1"]
[Round "05"]
[TimeControl "180+1"]
[Date "2022.05.03"]
[WhiteClock "0:01:36"]
[BlackClock "0:00:47"]

1. d4 Nf6 2. c4 e6 3. Nc3 Bb4 4. Qc2 c5 5. dxc5 Na6 6. Bd2 Nxc5 7. a3 Bxc3 8. Bxc3 O-O 9. Nf3 b6 10. e3 Bb7 11. Be2 Be4 12. Qd1 d5 13. b4 Ncd7 14. O-O dxc4 15. Bxc4 Rc8 16. Nd2 Bd5 17. Bxf6 Nxf6 18. Qe2 Bxc4 19. Nxc4 Qd5 20. Rac1 Rfd8 21. Rfd1 Qb5 22. Rxd8+ Rxd8 23. Qb2 Qxc4 24. Rxc4 Rd1# 0-1


[Site "https://www.chess.com"]

[Event "Titled Tuesday Blitz May 03 Early 2022"]
[White "Shimanov, Aleksandr"]
[Black "Dronavalli, Harika"]
[WhiteFideId "4198603"]
[BlackFideId "5015197"]
[WhiteElo "2636"]
[BlackElo "2382"]
[Result "1/2-1/2"]
[Round "05"]
[TimeControl "180+1"]
[Date "2022.05.03"]
[WhiteClock "0:00:05"]
[BlackClock "0:00:17"]

1. e4 c5 2. Nf3 e6 3. c3 d5 4. e5 Nc6 5. d4 Qb6 6. Bd3 Bd7 7. O-O Rc8 8. dxc5 Bxc5 9. Nbd2 Qc7 10. Nb3 Bb6 11. Qe2 Nge7 12. Re1 a6 13. h4 h6 14. h5 O-O 15. Be3 Bxe3 16. Qxe3 f5 17. exf6 Rxf6 18. Nbd4 Rcf8 19. Re2 Nxd4 20. Nxd4 Nc6 21. Bg6 e5 22. Nxc6 Bxc6 23. f3 Re6 24. Rae1 Rff6 25. Qc5 b6 26. Qb4 a5 27. Qg4 Bb5 28. Re3 Be8 29. Bc2 Bf7 30. Bb3 Re7 31. Bc2 d4 32. Rd3 Be6 33. Qe4 Bf5 34. Qd5+ Kh8 35. Rd2 dxc3 36. bxc3 Bxc2 37. Rxc2 Rd6 38. Qe4 Qc5+ 39. Kh2 Rf6 40. Rd2 Re8 41. Rd3 Qf8 42. Rd5 Qf7 43. Rxe5 Rxe5 44. Qxe5 Rf5 45. Qe8+ Qxe8 46. Rxe8+ Kh7 47. Re6 Rxh5+ 48. Kg3 Rc5 49. Rxb6 Rxc3 50. Rb2 Ra3 51. Kf4 Ra4+ 52. Kf5 Rc4 53. g4 a4 54. Rb7 Rc5+ 55. Ke6 Rc6+ 56. Ke5 Rc2 57. Ra7 Rxa2 58. f4 a3 59. Kf5 Ra1 60. Ra8 a2 61. Ra7 Rb1 62. Rxa2 Rb5+ 63. Ke4 Rb4+ 1/2-1/2


[Site "https://www.chess.com"]

[Event "Titled Tuesday Blitz May 03 Early 2022"]
[White "Shohat, Yotam"]
[Black "Rosen, Eric"]
[WhiteFideId "2813955"]
[BlackFideId "2032562"]
[WhiteElo "2119"]
[BlackElo "2362"]
[Result "0-1"]
[Round "05"]
[TimeControl "180+1"]
[Date "2022.05.03"]
[WhiteClock "0:00:01"]
[BlackClock "0:00:28"]

1. e4 e5 2. f4 d5 3. Nf3 exf4 4. exd5 Nf6 5. Bb5+ c6 6. dxc6 bxc6 7. Be2 Bd6 8. O-O O-O 9. d4 Re8 10. c4 Bg4 11. Nc3 Nbd7 12. Qc2 Nf8 13. Ne5 Bxe5 14. dxe5 Rxe5 15. Bxf4 Re6 16. Rad1 Qb6+ 17. Kh1 Ng6 18. Bg3 Rae8 19. Rxf6 Rxe2 20. Nxe2 Rxe2 21. Rxg6 Rxc2 22. Rxg4 h5 23. Rgd4 Qxb2 24. Rd8+ Kh7 25. Rg1 Qf6 26. Rd6 Qb2 27. Rxc6 Qxa2 28. h3 Qa4 29. Rc5 Kg6 30. Rf1 f6 31. Rcf5 Rxc4 32. Bh2 Qc2 33. R5f3 Ra4 34. Re1 Ra2 35. Rg3+ Kh7 36. Re7 Ra1+ 37. Bg1 Rxg1+ 38. Kxg1 Qc5+ 39. Ree3 f5 40. Rf3 f4 0-1


[Site "https://www.chess.com"]

[Event "Titled Tuesday Blitz May 03 Early 2022"]
[White "Shuvalov, Evgenij"]
[Black "Cherniaiev, Tykhon"]
[WhiteFideId "4187237"]
[BlackFideId "14182360"]
[WhiteElo "2514"]
[BlackElo "2707"]
[Result "1/2-1/2"]
[Round "05"]
[TimeControl "180+1"]
[Date "2022.05.03"]
[WhiteClock "0:00:22"]
[BlackClock "0:00:07"]

1. Nf3 Nf6 2. c4 c5 3. d4 cxd4 4. Nxd4 Nc6 5. Nc3 e6 6. Nxc6 bxc6 7. g3 Be7 8. Bg2 O-O 9. O-O d5 10. Qc2 Bb7 11. Rd1 Rc8 12. b3 Qc7 13. Bb2 Rfd8 14. Rac1 a6 15. Na4 c5 16. cxd5 Nxd5 17. a3 h6 18. e4 Nb6 19. Be5 Qxe5 20. Nxb6 Rxd1+ 21. Rxd1 Rd8 22. Nc4 Rxd1+ 23. Qxd1 Qd4 24. Qxd4 cxd4 25. e5 Bd5 26. Bxd5 exd5 27. Nb6 Bxa3 28. Kf1 d3 29. Nxd5 Bc5 30. f4 g5 31. f5 Bd4 32. e6 fxe6 33. fxe6 Kf8 34. g4 Be5 35. h3 Bf4 36. Ke1 Bc1 37. Kd1 d2 38. Ke2 Ke8 39. Nc7+ Ke7 40. Nxa6 Kxe6 41. Nc5+ Kd5 42. Nd7 Kd4 43. Nf6 Kc3 44. Kd1 Kxb3 45. Ng8 Kc3 46. Nxh6 Kd3 47. Nf7 Ke4 48. Nxg5+ Kf4 49. Ne6+ Kg3 50. g5 Kxh3 51. g6 Bb2 52. Kxd2 Kg4 53. Kc2 Kf5 54. Kxb2 Kxg6 1/2-1/2


[Site "https://www.chess.com"]